 Dungeon Crawl Stone Soup version 0.18.1-8-gdd0e5ea (webtiles) character file.

90 HungrySpirit the Ruffian (level 4, -1/42 HPs)
             Began as a Troll Skald on May 21, 2016.
             Slain by Grinder (5 damage)
             ... while paralysed by Grinder
             ... on level 3 of the Dungeon.
             The game lasted 00:02:26 (1959 turns).

HungrySpirit the Ruffian (Troll Skald)              Turns: 1959, Time: 00:02:27

Health: -1/42      AC:  5    Str: 21    XL:     4   Next: 32%
Magic:  4/4        EV:  1    Int:  8    God:
Gold:   115        SH:  0    Dex:  9    Spells: 1 memorised, 4 levels left

rFire  . . .     SeeInvis .       - Unarmed
rCold  . . .     Gourm    +     a - +0 robe
rNeg   . . .     Faith    .     (no shield)
rPois  .         Spirit   .     (helmet restricted)
rElec  .         Dismiss  .     (no cloak)
rCorr  .         Reflect  .     (gloves unavailable)
SustAt .         Harm     .     (boots unavailable)
MR     .....                    (no amulet)
Stlth  +.........               (no ring)
                                (no ring)

@: paralysed, not resistant to hostile enchantments, very unstealthy
A: unfitting armour, claws 3, fast metabolism 3, gourmand, regeneration 2,
shaggy fur 1, tough skin 2
a: no special abilities


You were on level 3 of the Dungeon.
You were very full.

You visited 1 branch of the dungeon, and saw 3 of its levels.

You collected 115 gold pieces.

Inventory:

Armour
 a - a +0 robe (worn)
Wands
 l - a wand of lightning (1/15)
 t - a wand of lightning (6/15)
Scrolls
 d - a scroll of immolation {unknown}
 g - a scroll of fear {unknown}
 h - a scroll of random uselessness {unknown}
 k - 2 scrolls of identify {unknown}
 m - 2 scrolls of teleportation {unknown}
 n - a scroll of fog {unknown}
 p - a scroll of remove curse {unknown}
 r - 2 scrolls of enchant armour {unknown}
Potions
 e - 2 potions of agility {unknown}
 o - a potion of lignification {unknown}
 q - a potion of flight {unknown}
Books
 b - a book of Battle

   Spells                             Type                      Level
   a - Infusion                       Charms                       1
   b - Shroud of Golubria             Charms/Translocation         2
   c - Song of Slaying                Charms                       2
   d - Spectral Weapon                Hexes/Charms                 3
   e - Regeneration                   Charms/Necromancy            3
 s - a book of Necromancy

   Spells                             Type                      Level
   a - Pain                           Necromancy                   1
   b - Animate Skeleton               Necromancy                   1
   c - Vampiric Draining              Necromancy                   3
   d - Regeneration                   Charms/Necromancy            3
   e - Animate Dead                   Necromancy                   4
   f - Control Undead                 Necromancy                   4
Comestibles
 c - 5 bread rations
 f - 2 meat rations
 i - 5 fruits
 j - a beef jerky


   Skills:
 + Level 2.1 Fighting
 + Level 2.1 Dodging
 * Level 3.6 Unarmed Combat
 - Level 1.2 Spellcasting
 - Level 2.0 Charms


You had 4 spell levels left.
You knew the following spells:

 Your Spells              Type           Power        Failure   Level  Hunger
a - Infusion              Chrm           #...         21%         1    ##.....


Dungeon Overview and Level Annotations

Branches:
Dungeon (3/15)

Altars:
Zin
The Shining One

Annotations:
D:3 Grinder


Innate Abilities, Weirdness & Mutations

You are too large for most types of armour.
You have claws for hands.
Your metabolism is lightning-fast.
You like to eat raw meat.
You heal very quickly.
You are covered in fur (AC +1).
You have very tough skin (AC +2).


Message History

Grinder hits you.
You writhe in agony.
* * * LOW HITPOINT WARNING * * *
You are too injured to fight recklessly!
You are too injured to fight recklessly!
You closely miss Grinder.
Grinder is heavily wounded.
Grinder says, "There's only one good use for a tongue: cutting it out."
Grinder hits you.
* * * LOW HITPOINT WARNING * * *
You writhe in agony.
* * * LOW HITPOINT WARNING * * *
You closely miss Grinder.
Grinder is heavily wounded.
You closely miss Grinder.
Grinder is heavily wounded.
Grinder gestures at you.
You suddenly lose the ability to move!
Grinder hits you but does no damage. Grinder hits you.
You die...

############
.......#...
........
###...#.# #
#...5...#.#
#...@.....##
#...........
#
###...###.##
## #.†.# ##.
##.## #.
##.. #(#
#.#####...
#†#
#.#.......
#.#
#.#.##.... #
# #.####
#.#.......


You could see Grinder.

Vanquished Creatures
  2 adders (D:3)
  3 worms (D:2)
  A dart slug (D:1)
  A giant gecko (D:3)
  4 orcs (D:3)
  5 bats
  3 giant cockroaches (D:2)
  6 goblins
  8 hobgoblins
  6 kobolds
  2 quokkas
  3 giant newts
  8 rats
52 creatures vanquished.

Notes
Turn   | Place    | Note
--------------------------------------------------------------
     0 | D:1      | HungrySpirit the Troll Skald began the quest for the Orb.
     0 | D:1      | Reached XP level 1. HP: 19/19 MP: 1/1
   264 | D:1      | Reached XP level 2. HP: 28/28 MP: 2/2
   877 | D:2      | Reached XP level 3. HP: 19/35 MP: 3/3
   934 | D:2      | Reached skill level 3 in Unarmed Combat
   961 | D:2      | Found a glowing golden altar of the Shining One.
  1523 | D:3      | Found a glowing silver altar of Zin.
  1554 | D:3      | Found a faded altar to an unknown god.
  1695 | D:3      | Reached XP level 4. HP: 39/42 MP: 4/4
  1943 | D:3      | Noticed Grinder
  1943 | D:3      | Paralysed by Grinder for 6 turns
  1955 | D:3      | HP: 2/42 [Grinder (5)]
  1957 | D:3      | Paralysed by Grinder for 7 turns
  1959 | D:3      | Slain by Grinder

Skill      XL: |  1  2  3 |
---------------+----------+-----
Unarmed Combat | 3 |  3.6
Fighting       | 2 |  2.1
Dodging        | 2 |  2.1
Spellcasting   | |  1.2
Charms         | |  2.0

Action                   |  1- 3 |  4- 6 || total
-------------------------+-------+-------++-------
Melee: Unarmed           |   100 |    27 ||   127
 Stab: Sleeping          |     1 |       ||     1
  Eat: Chunk             |    21 |     1 ||    22
Armor: Robe              |    27 |     9 ||    36
Dodge: Dodged            |    41 |     8 ||    49
